 Dungeon Crawl Stone Soup version 0.29.1-15-g9cfb28693d (webtiles) character file.

Game seed: 4193470704716278511

1246 Leximancer the Covered (level 8, -14/49 HPs)
             Began as a Gargoyle Fighter on Mar 15, 2023.
             Was a Follower of Dithmenos.
             Demolished by an ogre
             ... wielding a +0 giant spiked club
              (17 damage)
             ... on level 6 of the Dungeon.
             The game lasted 00:46:51 (6389 turns).

Leximancer the Covered (Gargoyle Fighter)           Turns: 6389, Time: 00:46:52

Health: -14/49     AC: 21    Str: 22    XL:     8   Next: 50%
Magic:  8/8        EV:  6    Int:  9    God:    Dithmenos [*.....]
Gold:   266        SH:  4    Dex:  9    Spells: 4/7 levels left

rFire   + . .      SeeInvis .   h - +0 spear (vorpal)
rCold   x . .      Faith    .   c - +0 buckler
rNeg    + . .      Spirit   .   q - +0 plate armour
rPois   ∞          Reflect  .   J - +0 hat
rElec   +          Harm     .   u - +0 cloak
rCorr   .          Rampage  .   C - +0 pair of gloves
Will    .....                   (no boots)
Stlth   ..........              x - amulet of magic regeneration
HPRegen 0.16/turn               a - ring of fire
MPRegen 0.51/turn               o - ring of wizardry

@: wreathed by umbra
A: sickness immunity, AC +5, negative energy resistance 1, electricity
resistance, torment resistance 1, petrification resistance
a: Renounce Religion


You were on level 6 of the Dungeon.
You worshipped Dithmenos.
Dithmenos was aware of your devotion.
You visited 2 branches of the dungeon, and saw 7 of its levels.

You collected 266 gold pieces.

Inventory:

Hand Weapons
 h - a +0 vorpal spear (weapon)
 l - a +0 whip of venom
 m - a +1 dagger of venom
 s - a +0 hammer
 t - a +2 quarterstaff of chaos
 v - a +1 dagger of draining
Missiles
 b - 3 poisoned darts
 e - 63 stones
 r - 11 boomerangs (quivered)
 D - 5 atropa-tipped darts
Armour
 c - a +0 buckler (worn)
 q - a +0 plate armour (worn)
 u - a +0 cloak (worn)
 C - a +0 pair of gloves (worn)
 J - a +0 hat (worn)
Magical Staves
 G - a staff of air
Jewellery
 a - a ring of fire (left hand)
 f - a ring of magical power
 o - a ring of wizardry (right hand)
 x - an amulet of magic regeneration (around neck)
 z - a ring of poison resistance
Wands
 F - a wand of flame (8)
 I - a wand of paralysis (4)
Scrolls
 g - 2 scrolls of teleportation
 i - 2 scrolls of fear
 j - 2 scrolls of brand weapon
 k - a scroll of enchant armour
 w - a scroll of fog
 y - a scroll of magic mapping {unknown}
 A - 2 scrolls of immolation {unknown}
 E - a scroll of noise {unknown}
 H - a scroll of identify
Potions
 d - 2 potions of magic
 n - a potion of mutation {unknown}
 p - a potion of ambrosia
 B - a potion of flight {unknown}


   Skills:
 + Level 5.1 Fighting
 + Level 2.0 Maces & Flails
 + Level 5.5 Polearms
 + Level 0.2 Throwing
 + Level 6.3 Armour
 + Level 2.2 Dodging
 + Level 1.0 Stealth
 + Level 4.8 Shields


You had 4 spell levels left.
You knew the following spells:

 Your Spells              Type           Power      Damage    Failure   Level
a - Sandblast             Erth           0%         2d4       97%         1
b - Passwall              Tmut/Erth      0%         N/A       99%         2

Your spell library contained the following spells:

 Spells                   Type           Power      Damage    Failure   Level
 Freeze                   Ice            0%         1d3       97%         1
 Frozen Ramparts          Ice            0%         1d1       100%        3
 Gell's Gravitas          Tloc           0%         N/A       100%        3
 Lesser Beckoning         Tloc           0%         N/A       100%        3
 Stone Arrow              Conj/Erth      0%         3d7       100%        3
 Teleport Other           Tloc           0%         N/A       100%        3
 Hailstorm                Conj/Ice       0%         3d3       100%        4
 Malign Gateway           Summ/Tloc      0%         N/A       100%        7
 Summon Horrible Things   Summ           0%         N/A       100%        8


Dungeon Overview and Level Annotations

Branches:
Dungeon (6/15)             Temple (1/1) D:5

Altars:
Dithmenos
Fedhas
Kikubaaqudgha
Makhleb
Nemelex Xobeh
Okawaru
Qazlal
Ru
Sif Muna
Trog
Uskayaw
Vehumet
Wu Jian
Xom
Yredelemnul
Zin


Innate Abilities, Weirdness & Mutations

You are immune to sickness and miasma.
Your stone body is resilient. (AC +5)
You are immune to poison.
You resist negative energy. (rN+)
You are resistant to electric shocks. (rElec)
You are resistant to unholy torment.
You are immune to petrification.


Message History

The scorpion stings you.
You hit the scorpion.
The scorpion is almost dead.
The scorpion stings you but does no damage.
The ogre barely misses you.
You barely miss the scorpion.
The scorpion is almost dead.
The scorpion barely misses you.
You hit the scorpion but do no damage.
The scorpion is almost dead.
The scorpion stings you.
The ogre hits you with a +0 giant spiked club.
The scorpion barely misses you.
You hit the scorpion.
You kill the scorpion!
Dithmenos accepts your kill.
The ogre hits you with a +0 giant spiked club!!
Your Stealth skill increases to level 1!
You hit the ogre but do no damage. You barely miss the ogre.
The ogre closely misses you.
You hit the ogre.
The ogre is lightly wounded.
You barely miss the ogre.
The ogre is lightly wounded.
The ogre hits you but does no damage.
You puncture the ogre!
The ogre is moderately wounded.
You hit the ogre.
The ogre is heavily wounded.
The ogre completely misses you.
You hit the ogre but do no damage.
The ogre is heavily wounded.
The ogre hits you with a +0 giant spiked club!
* * * LOW HITPOINT WARNING * * *
You hit the ogre but do no damage.
The ogre is heavily wounded.
You hit the ogre.
The ogre is severely wounded.
The ogre hits you with a +0 giant spiked club!
You die...

..#.#....... .. ...
..........####.. . ..
...#............ .#..
#..#............ .
...##....#..........
..##.. ...##..........
......##.##........#
#......#.##...@O...#
#......)........#.....
...........#....# ...
..........##..#.... .
......##..###.###...
##.......## ..# ....
.........# #.. ...
.......... .... ...
.......... ..


You could see an ogre.

Vanquished Creatures
  Grinder (D:3)
  A black bear (D:5)
  An ice beast (D:5)
  A phantom (D:3)
  A necrophage (D:5)
  A scorpion (D:6)
  A howler monkey (D:5)
  3 hounds
  A water moccasin simulacrum (D:5)
  A jelly (D:5)
  Crazy Yiuf (D:2)
  A gnoll bouda (D:5)
  3 iguanas
  2 orc wizards
  A centaur simulacrum (D:5)
  A bullfrog simulacrum (D:5)
  6 adders
  9 gnolls
  A white imp (D:5)
  An ufetubus (D:3)
  3 worms
  The ghost of leafyfresh the Sneak, a weakling OpDe (D:5)
  4 dart slugs
  8 orcs
  4 ball pythons
  5 bats
  2 endoplasms
  3 giant cockroaches
  6 goblins
  13 hobgoblins
  4 jackals (D:1)
  2 quokkas
  9 frilled lizards
  8 kobolds
  5 rats
115 creatures vanquished.

Vanquished Creatures (others)
  10 plants (D:2)
10 creatures vanquished.

Grand Total: 125 creatures vanquished

Notes
Turn   | Place    | Note
-------+----------+-------------------------------------------
     0 | D:1      | Leximancer the Gargoyle Fighter began the quest for the
                  | Orb.
     0 | D:1      | Reached XP level 1. HP: 14/14 MP: 1/1
   250 | D:1      | Reached XP level 2. HP: 12/19 MP: 2/2
   953 | D:1      | Reached XP level 3. HP: 24/24 MP: 3/3
  1695 | D:2      | Reached XP level 4. HP: 29/29 MP: 4/4
  1705 | D:2      | Reached skill level 1 in Polearms
  2640 | D:2      | Found a runed translucent door.
  2641 | D:2      | Noticed Crazy Yiuf
  2650 | D:2      | Killed Crazy Yiuf
  2651 | D:2      | Reached XP level 5. HP: 19/33 MP: 5/5
  2945 | D:3      | Noticed Grinder
  2947 | D:3      | Paralysed by Grinder for 3 turns
  2957 | D:3      | Paralysed by Grinder for 2 turns
  2961 | D:3      | Killed Grinder
  2962 | D:3      | Reached skill level 4 in Armour
  2962 | D:3      | Reached XP level 6. HP: 20/39 MP: 6/6
  3135 | D:3      | Reached skill level 1 in Dodging
  3599 | D:3      | Learned a level 1 spell: Sandblast
  3602 | D:3      | Learned a level 2 spell: Passwall
  3911 | D:4      | Reached XP level 7. HP: 34/44 MP: 7/7
  4293 | D:4      | Reached skill level 5 in Armour
  4449 | D:4      | Found a radiant altar of Vehumet.
  4635 | D:5      | Entered Level 5 of the Dungeon
  4726 | D:5      | Found a shadowy altar of Dithmenos.
  4733 | D:5      | Became a worshipper of Dithmenos the Shadowed
  5417 | D:5      | Reached XP level 8. HP: 40/48 MP: 8/8
  5459 | D:5      | Reached skill level 5 in Polearms
  5541 | D:5      | Found a staircase to the Ecumenical Temple.
  5663 | D:5      | Reached skill level 6 in Armour
  5690 | Temple   | Entered the Ecumenical Temple
  5789 | D:5      | Found a runed translucent gate.
  5790 | D:5      | Found a runed translucent gate.
  5791 | D:5      | Found a runed translucent gate.
  5827 | D:5      | Noticed leafyfresh's ghost (weakling OpDe)
  5888 | D:5      | Killed leafyfresh's ghost
  5905 | D:5      | Reached skill level 5 in Fighting
  5927 | D:5      | Reached * piety under Dithmenos
  6381 | D:6      | Reached skill level 1 in Stealth
  6389 | D:6      | Demolished by an ogre

Illustrated notes

Levels and vault maps discovered:
D:1:      dpeg_arrival_castle, layout_loops_ring, reono_crystal_passage
D:2:      layout_basic, minmay_lizard_king, uniq_crazy_yiuf_cottage
D:3:      layout_loops_ring, nicolae_titane, uniq_grinder
D:4:      layout_gridville, vehumet_crystals, chequers_serial_rivers_micro_a
D:5:      layout_basic, grunt_dithmenos_smoke, minmay_temple_entry_wispy,
          gammafunk_ghost_icy
D:6:      layout_cave_pools, nicolae_overflow_hallway_of_the_gods, serial_shops,
          nicolae_shop_advertising_works [nicolae_subvault_shop_adworks],
          ebering_ghost_rock_garden
Temple:   nicolae_temple_two_arcs

Skill      XL: |  1  2  3  4  5  6  7  8 |
---------------+-------------------------+-----
Shields        | 4 |  4.8
Polearms       | 2 3 4 5 |  5.5
Fighting       | 4 5 |  5.1
Armour         | 4 5 6 |  6.3
Dodging        | 1 2 |  2.2
Stealth        | 1 |  1.0
Maces & Flails | |  2.0
Throwing       | |  0.2

Action                   |  1- 3 |  4- 6 |  7- 9 || total
-------------------------+-------+-------+-------++-------
Melee: Flail             |    20 |       |       ||    20
       Spear             |    93 |   178 |   294 ||   565
Throw: Stone             |       |     2 |       ||     2
       Boomerang         |       |       |     3 ||     3
  Use: Potion            |       |     1 |     3 ||     4
       Scroll            |       |     6 |     2 ||     8
 Stab: Invisible         |       |       |     1 ||     1
Armor: Scale mail        |    33 |    64 |   112 ||   209
       Plate armour      |       |       |     6 ||     6
Dodge: Dodged            |    43 |    51 |   121 ||   215
Block: Buckler           |    15 |    19 |    53 ||    87
